 Dungeon Crawl Stone Soup version 0.27-a0-1144-g0b7d3b79db (webtiles) character file.

Game seed: 7507366989140289637

4 neco the Sneak (level 1, -1/11 HPs)
             Began as an Octopode Fire Elementalist on May 10, 2021.
             Slain by a goblin
             ... wielding a +0 club
              (2 damage)
             ... on level 1 of the Dungeon.
             The game lasted 00:05:44 (151 turns).

neco the Sneak (Octopode Fire Elementalist)          Turns: 151, Time: 00:05:45

Health: -1/11      AC:  1    Str:  7    XL:     1   Next: 60%
Magic:  2/3        EV: 13    Int: 17    God:
Gold:   0          SH:  0    Dex: 12    Spells: 3/4 levels left

rFire    . . .     SeeInvis .   c - +0 flail
rCold    . . .     Faith    .   (no shield)
rNeg     . . .     Spirit   .   (helmet restricted)
rPois    .         Reflect  .   (no amulet)
rElec    .         Harm     .   (no ring)
rCorr    .         Rampage  .   (no ring)
Will     .....                  (no ring)
Stlth    +++.......             (no ring)
HPRegen  0.03/turn              (no ring)
MPRegen  0.08/turn              (no ring)
                                (no ring)
                                (no ring)

@: no status effects
A: almost no armour, amphibious, 8 rings, camouflage 1, gelatinous body 1,
(nimble swimmer 1), tentacles
a: no special abilities


You were on level 1 of the Dungeon.
You visited 1 branch of the dungeon, and saw 1 of its levels.

Inventory:

Hand Weapons
 b - a +0 club
 c - a +0 flail (weapon)
Armour
 a - a +0 leather armour


   Skills:
 + Level 2.0 Dodging
 + Level 3.1 Stealth
 + Level 2.0 Spellcasting
 + Level 1.0 Conjurations
 + Level 3.1 Fire Magic


You had 3 spell levels left.
You knew the following spells:

 Your Spells              Type           Power      Damage    Failure   Level
a - Foxfire               Conj/Fire      32%        2x1d5     9%          1

Your spell library contained the following spells:

 Spells                   Type           Power      Damage    Failure   Level
 Conjure Flame            Conj/Fire      8%         6-21      26%         3
 Inner Flame              Hex/Fire       6%         N/A       30%         3
 Sticky Flame             Conj/Fire      8%         2d3       63%         4
 Fireball                 Conj/Fire      4%         3d4       93%         5


Dungeon Overview and Level Annotations

Branches:
Dungeon (1/15)

Altars:


Innate Abilities, Weirdness & Mutations

You cannot wear most types of armour.
You are amphibious.
You can wear up to eight rings at the same time.
Your skin changes colour to match your surroundings (Stealth+).
Your rubbery body absorbs attacks. (AC +1, EV +1)
((You are camouflaged near water. (Stealth+)))
You have tentacles for arms and can constrict up to eight enemies at once.


Message History

Okay, then.
You closely miss the goblin. You grab the goblin. You constrict the goblin.
The foxfire hits the goblin.
You kill the goblin!
The foxfire hits the goblin.
You kill the goblin!
Your Stealth skill increases to level 3!
You see here a +0 club.
You see here a +0 club.
b - a +0 club You see here a +0 club.
You see here a +0 flail.
c - a +0 flail A kobold comes into view.
It is wielding a +0 club.
Found a viscous black potion.
A goblin comes into view. It is wielding a +0 club.
c - a +0 flail (weapon)
You barely miss the kobold.
The kobold shouts!
You grab the kobold. You constrict the kobold.
The goblin shouts!
The kobold closely misses you.
You hit the kobold. You squeeze the kobold.
The kobold is severely wounded.
You constrict the kobold.
You kill the kobold!
The goblin hits you but does no damage.
You see here a viscous black potion.
You barely miss the goblin. Your grab misses the goblin.
A bat comes into view.
The goblin hits you with a +0 club.
The bat moves out of view.
You hit the goblin. Your grab misses the goblin.
The goblin is heavily wounded.
The goblin hits you with a +0 club. x2
* * * LOW HITPOINT WARNING * * *
You are too injured to fight recklessly!
Casting: Foxfire (safe; 9% risk of failure)
Confirm with . or Enter, or press ? or * to list all spells.
You conjure some foxfire!
The goblin hits you with a +0 club.
You die...

.........#...#.#
8......##......##.
##.....#..#)..#..#.
##... #...##..#...#.
#####....##..#..#...#..#
........#.......##..#..#
....⌠...#.#.##..#..#..#.
.......#v...#....#...##
......g@v.....##......#
#######################


You could see a goblin (ally target).

Vanquished Creatures
  2 goblins (D:1)
  A kobold (D:1)
3 creatures vanquished.

Vanquished Creatures (others)
  2 foxfires (D:1)
2 creatures vanquished.

Grand Total: 5 creatures vanquished

Notes
Turn   | Place    | Note
-------+----------+-------------------------------------------
     0 | D:1      | neco the Octopode Fire Elementalist began the quest for the
                  | Orb.
     0 | D:1      | Reached XP level 1. HP: 11/11 MP: 3/3
   151 | D:1      | Slain by a goblin

Illustrated notes

Levels and vault maps discovered:
D:1:      erik_arrival_cave_to_civilisation [erik_arrival_cave_to_temple],
          layout_basic, hellmonk_ecumenical_altar_heavens_door

Skill      XL: |  1 |
---------------+----+-----
Stealth        | 3 |  3.1
Dodging        | |  2.0
Spellcasting   | |  2.0
Conjurations   | |  1.0
Fire Magic     | |  3.1

Action                   || total
-------------------------++-------
Melee: Flail             ||     4
       Constrict         ||     2
       Unarmed           ||     1
       Tentacles         ||     1
 Cast: Foxfire           ||     2
Armor: Skin              ||     1
Dodge: Dodged            ||     1

Table legend: (Time is in decaauts)
 A = Elapsed time spent in this place.
 B = Non-inter-level travel time spent in this place.
 C = Inter-level travel time spent in this place.
 D = Time resting spent in this place.
 E = Time spent auto-exploring this place.
 F = Levels seen in this place.
 G = Mean time per level.
                   A        B        C        D        E       F      G
               +--------+--------+--------+--------+--------+-----+--------+
         Total |    152 |    129 |     23 |      0 |      0 |   1 |  152.0 |
       Dungeon |    152 |    129 |     23 |      0 |      0 |   1 |  152.0 |
               +--------+--------+--------+--------+--------+-----+--------+

Top non-repeatable levels by time:
     D:1: 152 daAuts
